 Dungeon Crawl Stone Soup version 0.28-a0-1182-g381e24db82 (webtiles) character file.

Game seed: 14507928626295196880

150 BlueGoblin the Cudgeller (level 5, 53/53 HPs)
             Began as a Troll Fighter on Dec 17, 2021.
             Was a Follower of Sif Muna.
             Quit the game on level 2 of the Dungeon.
             The game lasted 00:03:40 (1946 turns).

BlueGoblin the Cudgeller (Troll Fighter)            Turns: 1946, Time: 00:03:41

Health: 53/53      AC:  4    Str: 26    XL:     5   Next: 10%
Magic:  4/4        EV:  8    Int:  4    God:    Sif Muna [*.....]
Gold:   143        SH:  7    Dex:  9    Spells: 4/4 levels left

rFire   . . .      SeeInvis .   a - +0 flail
rCold   . . .      Faith    .   c - +0 kite shield
rNeg    . . .      Spirit   .   b - +0 robe
rPois   .          Reflect  .   (helmet restricted)
rElec   .          Harm     .   (no cloak)
rCorr   .          Rampage  .   (gloves unavailable)
Will    .....                   (boots unavailable)
Stlth   +.........              (no amulet)
HPRegen 0.97/turn               (no ring)
MPRegen 0.09/turn               (no ring)

@: no status effects
A: large, unfitting armour, claws 3, regeneration 1, shaggy fur 1, tough skin 1
a: Renounce Religion, Channel Magic


You were on level 2 of the Dungeon.
You worshipped Sif Muna.
Sif Muna was aware of your devotion.
You visited 1 branch of the dungeon, and saw 2 of its levels.

You collected 143 gold pieces.

Inventory:

Hand Weapons
 a - a +0 flail (weapon)
Missiles
 e - 3 large rocks (quivered)
 i - a throwing net
Armour
 b - a +0 robe (worn)
 c - a +0 kite shield (worn)
Jewellery
 k - a +6 ring of dexterity
Scrolls
 f - a scroll of noise {unknown}
 g - 2 scrolls of enchant armour {unknown}
 j - a scroll of identify {unknown}
Potions
 h - a potion of resistance {unknown}


   Skills:
 + Level 3.0 Fighting
 + Level 3.2 Maces & Flails
 + Level 3.0 Dodging
 + Level 3.1 Shields


You had 4 spell levels left.
You didn't know any spells.
Your spell library was empty.

Dungeon Overview and Level Annotations

Branches:
Dungeon (2/15)

Altars:
Sif Muna

Shops:
D:2 [


Innate Abilities, Weirdness & Mutations

You are too large for most types of armour.
You have claws for hands.
Your natural rate of healing is unusually fast.
You are covered in fur. (AC +1)
You have tough skin. (AC +1)


Message History

Found a pair of runed boots.
You now have 120 gold pieces (gained 9).
You now have 135 gold pieces (gained 15).
There is a large open door here.
Things that are here:
a +0 whip; 3 stones
Things that are here:
a +0 dagger; 3 stones
Things that are here:
a +0 whip; 3 stones
There is a stone staircase leading up here.
You now have 138 gold pieces (gained 3).
You enter the shallow water.
Moving in this stuff is going to be slow.
Key pressed, stopping explore.
There is a dry fountain here.
There is a dry fountain here.
Things that are here:
a +2 short sword of venom; 4 stones You now have 143 gold pieces (gained 5).
You see here 19 bolts.
Found a faded altar of an unknown god.
Things that are here:
a +0 robe; a human skeleton Done exploring.
Done exploring.
Done exploring.
Done exploring.
Done exploring.
Search for what [Enter for "."]?
Things that are here:
a +0 robe; a human skeleton
There is a faded altar of an unknown god here.
You cannot tell which god this altar belongs to.
Convert to them anyway?
Okay, then.
You cannot tell which god this altar belongs to.
Convert to them anyway?
Sif Muna accepts your prayer! Sif Muna welcomes you!
You can now call upon Sif Muna for magical energy.
Are you sure you want to abandon this character and quit the game? (Confirm with "yes".)

#....... #....... #.......
### #....... #### ##P##
#....... #..####..P#
###..### #.P.P#P...# #..# #
#.#.##.P≈.♣##### ###.####
#.#.#..≈≈.@#.).# ##.......
#.#P.#.P≈[♣#...# #....##..
#.##P#P...##...####..#.##..
#.#####..P##...#.....#.##..
#.....##P###......###..####
####...#####.....####......
#...........#...##..####
#....####...###.o...####
#....# #...# ###...##..


There were no monsters in sight!

Vanquished Creatures
  5 adders
  5 gnolls
  A worm (D:2)
  An orc (D:2)
  5 bats
  An endoplasm (D:1)
  2 giant cockroaches
  4 goblins
  4 hobgoblins (D:2)
  8 kobolds
  6 quokkas
  4 ball pythons
  5 frilled lizards
  5 rats
56 creatures vanquished.

Vanquished Creatures (others)
  3 plants (D:2)
3 creatures vanquished.

Grand Total: 59 creatures vanquished

Notes
Turn   | Place    | Note
-------+----------+-------------------------------------------
     0 | D:1      | BlueGoblin the Troll Fighter began the quest for the Orb.
     0 | D:1      | Reached XP level 1. HP: 22/22 MP: 0/0
   123 | D:1      | Reached XP level 2. HP: 25/29 MP: 1/1
   389 | D:1      | Reached XP level 3. HP: 36/36 MP: 2/2
  1085 | D:2      | Reached XP level 4. HP: 37/44 MP: 3/3
  1327 | D:2      | Found Arop's Antique Armour Shop.
  1538 | D:2      | Reached XP level 5. HP: 47/52 MP: 4/4
  1833 | D:2      | Found a faded altar of an unknown god.
  1945 | D:2      | Prayed at the altar of an unknown god.
  1945 | D:2      | Became a worshipper of Sif Muna the Loreminder
  1945 | D:2      | Reached * piety under Sif Muna
  1946 | D:2      | Quit the game

Illustrated notes

Levels and vault maps discovered:
D:1:      tarquinn_simple_flora_water_a, layout_basic
D:2:      layout_rooms, serial_shops,
          nicolae_shop_temple_entry_statues_fountains,
          dreamdust_ecumenical_altar_hidden_monk_grotto, serial_bayou_pond_b,
          minmay_splitting_lines, kennysheep_generic_room_6

Skill      XL: |  1  2  3  4  5 |
---------------+----------------+-----
Maces & Flails | 2 3 |  3.2
Dodging        | 3 |  3.0
Shields        | 3 |  3.1
Fighting       | 3 |  3.0

Action                   |  1- 3 |  4- 6 || total
-------------------------+-------+-------++-------
Melee: Flail             |   146 |    90 ||   236
  Use: Potion            |       |     1 ||     1
 Stab: Sleeping          |     1 |       ||     1
Armor: Robe              |    59 |    37 ||    96
Dodge: Dodged            |    73 |    54 ||   127
Block: Kite shield       |    79 |    56 ||   135

Table legend: (Time is in decaauts)
 A = Elapsed time spent in this place.
 B = Non-inter-level travel time spent in this place.
 C = Inter-level travel time spent in this place.
 D = Time resting spent in this place.
 E = Time spent auto-exploring this place.
 F = Levels seen in this place.
 G = Mean time per level.
                   A        B        C        D        E       F      G
               +--------+--------+--------+--------+--------+-----+--------+
         Total |   2061 |   1875 |    186 |      0 |   1207 |   2 | 1030.5 |
       Dungeon |   2061 |   1875 |    186 |      0 |   1207 |   2 | 1030.5 |
               +--------+--------+--------+--------+--------+-----+--------+

Top non-repeatable levels by time:
     D:2: 1228 daAuts
     D:1: 833 daAuts
